 Dungeon Crawl Stone Soup version 0.32-a0-20-ge526923d97 (webtiles) character file.

Game seed: 2213206278591832934

32 cforsyth the Changeling (level 3, -2/54 HPs)
             Began as an Oni Shapeshifter on Jan 17, 2024.
             Slain by Jessica
             ... wielding a +0 club
              (5 damage)
             ... on level 2 of the Dungeon.
             The game lasted 00:01:23 (792 turns).

cforsyth the Changeling (Oni Shapeshifter)           Turns: 792, Time: 00:01:23

Health: -2/54      AC: 21    Str: 20    XL:     3   Next: 25%
Magic:  3/3        EV:  1    Int: 11    God:
Gold:   42         SH:  0    Dex:  8    Spells: 2/2 levels left

rFire   . .          .
                       - Unarmed
rCold   . . .        (no shield)
rNeg    . . .        a - melded +0 animal skin
rPois   +            (helmet currently unavailable)
rElec   .            (cloak currently unavailable)
rCorr   .            (gloves unavailable)
SInv    .            (boots unavailable)
Will    .....        (no amulet)
Stlth   +            (no ring)
HPRegen 0.29/turn    (no ring)
MPRegen 0.08/turn

%: no passive effects
@: tree-form, attractive
A: stationary, stasis, torment immunity, boosted hp, large, unfitting armour,
(horns 1), (tough skin 1), double potion healing, drunken brawling
a: no special abilities


You were on level 2 of the Dungeon.
You were a tree.
You visited 1 branch of the dungeon, and saw 2 of its levels.

You collected 42 gold pieces.

Inventory:

Armour
 a - a +0 animal skin (melded)
Jewellery
 e - an amulet of regeneration
Talismans
 c - a beast talisman
 d - a flux talisman
Scrolls
 f - a scroll of fear {unknown}
 h - a scroll of brand weapon {unknown}
 i - a scroll of identify {unknown}


   Skills:
 + Level 2.6 Fighting
 - Level 1.8 Dodging
 + Level 3.1 Unarmed Combat
 + Level 3.3 Shapeshifting


You had 2 spell levels left.
You didn't know any spells.
Your spell library contained the following spells:

 Spells                   Type           Power      Damage    Failure   Level
 Kiss of Death            Conj/Necr      0%         2d5       34%         1
 Confusing Touch          Hex            0%         N/A       71%         3
 Dispel Undead            Necr           0%         3d6       98%         4


Dungeon Overview and Level Annotations

Branches:
Dungeon (2/15)

Altars:

Annotations:
D:2 Jessica


Innate Abilities, Weirdness & Mutations

You are a tree.
Your roots penetrate the ground, keeping you stationary.
You cannot be teleported.
You are immune to unholy pain and torment.
Your maximum health is greatly increased.
Your equipment is partially melded.
You are too large for most types of armour.
((You have a pair of small horns on your head.))
((You have tough skin. (AC +1)))
You gain doubled healing and magic from potions.
Whenever you drink a healing potion, you attack all around you.


Message History

The scorpion attacks as it pursues you! The scorpion stings you.
Jessica attacks as she pursues you! Jessica hits you with a +0 club.
The scorpion attacks as it pursues you! The scorpion barely misses you.
Jessica casts a spell at you. Pain shoots through your body!
* * * LOW HITPOINT WARNING * * *
Your transformation has ended.
You turn into a tree.
Your +0 animal skin melds into your body.
Your roots penetrate the ground.
The scorpion stings you but does no damage.
Jessica hits you but does no damage.
The scorpion stings you but does no damage.
It was a potion of attraction.
You feel attractive to monsters.
Jessica gestures wildly.
Jessica hits you with a +0 club.
* * * LOW HITPOINT WARNING * * *
Jessica hits you but does no damage.
The scorpion stings you but does no damage.
You hit Jessica but do no damage. Jessica hits you with a +0 club.
* * * LOW HITPOINT WARNING * * *
The scorpion stings you but does no damage.
You hit Jessica.
Jessica is moderately wounded.
Jessica hits you but does no damage.
The scorpion stings you but does no damage.
Jessica hits you with a +0 club.
* * * LOW HITPOINT WARNING * * *
You closely miss Jessica.
Jessica is moderately wounded.
The scorpion stings you but does no damage.
Jessica hits you with a +0 club.
* * * LOW HITPOINT WARNING * * *
You barely miss Jessica.
Jessica is moderately wounded.
Jessica hits you but does no damage.
The scorpion stings you but does no damage.
Jessica hits you with a +0 club.
You die...

#.........# ##.............##
#.........# #...............#
#.........# #......>........#
#.........# #...............#
..........###......$........#
#######..#.....................#
..........######...............#
#######.#.......#s............##
####.#######.♣@.....#.....##
####....#.......#####....#####
........#.......# ..##..#
................# .## #.#
................##. . ###.#
.........#####..... .... .
.........#####.. .. ...
................ #. #..
...#...........# #.#..


You could see a scorpion and Jessica (fast).

Vanquished Creatures
  A gnoll (D:1)
  2 dart slugs (D:1)
  A bat (D:1)
  A giant cockroach (D:1)
  A goblin (D:1)
  2 hobgoblins (D:1)
  2 quokkas (D:1)
  3 ball pythons
  2 frilled lizards (D:1)
  A kobold (D:1)
  2 rats (D:1)
18 creatures vanquished.

Notes
Turn   | Place    | Note
-------+----------+-------------------------------------------
     0 | D:1      | cforsyth the Oni Shapeshifter began the quest for the Orb.
     0 | D:1      | Reached XP level 1. HP: 19/19 MP: 1/1
   108 | D:1      | Reached XP level 2. HP: 28/28 MP: 2/2
   432 | D:1      | Reached XP level 3. HP: 19/36 MP: 3/3
   775 | D:2      | Noticed Jessica
   776 | D:2      | Noticed a scorpion
   792 | D:2      | Slain by Jessica

Illustrated notes

Levels and vault maps discovered:
D:1:      nicolae_arrival_memento_mori, layout_loops_ring,
          minmay_misc_feat_more_columns
D:2:      layout_rooms, uniq_jessica, uniq_natasha

Skill      XL: |  1  2 |
---------------+-------+-----
Fighting       | 2 |  2.6
Unarmed Combat | 3 |  3.1
Dodging        | |  1.8
Shapeshifting  | |  3.3

Action                     || total
---------------------------++-------
  Melee: Unarmed           ||    41
         Headbutt          ||     4
    Use: Potion            ||     2
 Armour: Animal skin       ||    30
         Skin              ||    16
  Dodge: Dodged            ||    11

Table legend: (Time is in decaauts)
 A = Elapsed time spent in this place.
 B = Non-inter-level travel time spent in this place.
 C = Inter-level travel time spent in this place.
 D = Time resting spent in this place.
 E = Time spent auto-exploring this place.
 F = Levels seen in this place.
 G = Mean time per level.
                   A        B        C        D        E       F      G
               +--------+--------+--------+--------+--------+-----+--------+
         Total |    789 |    776 |     13 |      0 |    667 |   2 |  394.5 |
       Dungeon |    789 |    776 |     13 |      0 |    667 |   2 |  394.5 |
               +--------+--------+--------+--------+--------+-----+--------+

Top non-repeatable levels by time:
     D:1: 702 daAuts
     D:2: 87 daAuts
